 Dungeon Crawl Stone Soup version 0.28.0-43-g3370ac3207 (webtiles) character file.

Game seed: 9756821433072394646

693 Kaptain the Digger (level 7, 0/41 HPs)
             Began as a Gargoyle Earth Elementalist on Mar 17, 2022.
             Slain by a gnoll sergeant
             ... wielding a +0 spear
              (8 damage)
             ... on level 5 of the Dungeon.
             The game lasted 00:08:12 (5544 turns).

Kaptain the Digger (Gargoyle Earth Elementalist)    Turns: 5544, Time: 00:08:13

Health: 0/41       AC: 11    Str: 12    XL:     7   Next: 64%
Magic:  1/21       EV: 11    Int: 17    God:
Gold:   171        SH:  0    Dex: 10    Spells: 9/13 levels left

rFire   . . .      SeeInvis .   f - +1 long sword
rCold   . . .      Faith    .   (no shield)
rNeg    + . .      Spirit   .   p - +0 leather armour
rPois   ∞          Reflect  .   d - +2 helmet
rElec   +          Harm     .   (no cloak)
rCorr   .          Rampage  .   (no gloves)
Will    .....                   (no boots)
Stlth   ++........              (no amulet)
HPRegen 0.13/turn               e - ring of flight
MPRegen 0.17/turn               n - ring of magical power

@: flying
A: sickness immunity, AC +4, negative energy resistance 1, electricity
resistance, torment resistance 1, petrification resistance
a: no special abilities


You were on level 5 of the Dungeon.
You visited 2 branches of the dungeon, and saw 6 of its levels.

You collected 171 gold pieces.

Inventory:

Hand Weapons
 f - a +1 long sword (weapon)
 o - a +1 dagger of draining
 q - a +0 trident
Missiles
 c - 103 stones
 j - a throwing net
 k - 14 poisoned darts
Armour
 b - a +0 robe
 d - a +2 helmet (worn)
 p - a +0 leather armour (worn)
Jewellery
 e - a ring of flight (left hand)
 n - a ring of magical power (right hand)
 u - a +6 ring of strength
 y - a ring of ice
Wands
 i - a wand of iceblast (8)
Scrolls
 h - a scroll of immolation {unknown}
 m - a scroll of teleportation
 r - a scroll of acquirement {unknown}
 s - a scroll of vulnerability {unknown}
 t - 2 scrolls of blinking {unknown}
 x - a scroll of brand weapon {unknown}
Potions
 a - a potion of curing
 g - a potion of attraction {unknown}
 l - 3 potions of invisibility {unknown}
 v - a potion of degeneration {unknown}
 w - a potion of magic {unknown}
 z - a potion of haste {unknown}
 A - a potion of flight {unknown}


   Skills:
 * Level 3.5 Fighting
 + Level 2.2 Armour
 + Level 2.3 Dodging
 + Level 3.6 Stealth
 * Level 3.7 Spellcasting
 * Level 3.4 Conjurations
 - Level 0.7 Transmutations
 * Level 5.5 Earth Magic


You had 9 spell levels left.
You knew the following spells:

 Your Spells              Type           Power      Damage    Failure   Level
a - Sandblast             Erth           44%        2d11      2%          1
b - Stone Arrow           Conj/Erth      36%        3d9       10%         3

Your spell library contained the following spells:

 Spells                   Type           Power      Damage    Failure   Level
 Passwall                 Tmut/Erth      10%        N/A       9%          2
 Petrify                  Tmut/Erth      13%        N/A       50%         4
 Gell's Gravitas          Tloc           3%         N/A       52%         3
 Teleport Other           Tloc           3%         N/A       52%         3
 Animate Armour           Summ/Erth      24%        N/A       54%         4
 Irradiate                Conj/Tmut      5%         3d15      94%         5
 Blade Hands              Tmut           2%         N/A       99%         5
 Dispersal                Tloc           1%         N/A       100%        6
 Dragon Form              Tmut           2%         N/A       100%        7
 Lehudib's Crystal Spear  Conj/Erth      9%         10d4      100%        8


Dungeon Overview and Level Annotations

Branches:
Dungeon (5/15)             Temple (1/1) D:4

Altars:
Ashenzari
Dithmenos
Elyvilon
Fedhas
Gozag
Hepliaklqana
Kikubaaqudgha
Makhleb
Nemelex Xobeh
Okawaru
Qazlal
Ru
Sif Muna
Trog
Uskayaw
Vehumet
Wu Jian
Xom
Yredelemnul
Zin
The Shining One

Shops:
D:3 [   D:4 *


Innate Abilities, Weirdness & Mutations

You are immune to sickness and miasma.
Your stone body is resilient. (AC +4)
You are immune to poison.
You resist negative energy. (rN+)
You are resistant to electric shocks. (rElec)
You are resistant to unholy torment.
You are immune to petrification.


Message History

Press: ? - help, Shift-Dir - straight line, f/p - gnoll sergeant
Aim: a gnoll sergeant, wielding a +0 spear, wearing a +0 ring mail and wearing a +2 kite shield (81% to hit)
The gnoll sergeant blocks the stone arrow.
The gnoll sergeant hits you from afar with a +0 spear.
Unknown command.
Casting: Stone Arrow (dangerous; 10% risk of failure)
Confirm with . or Enter, or press ? or * to list all spells.
Aiming: Stone Arrow (dangerous; 10% risk of failure)
Press: ? - help, Shift-Dir - straight line, f/p - gnoll sergeant
Aim: a gnoll sergeant, wielding a +0 spear, wearing a +0 ring mail and wearing a +2 kite shield (81% to hit)
The stone arrow hits the gnoll sergeant!
The gnoll sergeant is moderately wounded.
The gnoll sergeant hits you from afar with a +0 spear.
Casting: Stone Arrow (dangerous; 10% risk of failure)
Confirm with . or Enter, or press ? or * to list all spells.
Aiming: Stone Arrow (dangerous; 10% risk of failure)
Press: ? - help, Shift-Dir - straight line, f/p - gnoll sergeant
Aim: a gnoll sergeant, wielding a +0 spear, wearing a +0 ring mail and wearing a +2 kite shield (moderately wounded, 81% to hit)
The stone arrow misses the gnoll sergeant.
The stone arrow hits the gnoll!
The gnoll is severely wounded.
The gnoll shouts!
You hear a shout! x2
The gnoll sergeant hits you from afar with a +0 spear.
Casting: Stone Arrow (dangerous; 10% risk of failure)
Confirm with . or Enter, or press ? or * to list all spells.
Aiming: Sandblast (safe; 2% risk of failure)
Press: ? - help, Shift-Dir - straight line, f/p - gnoll sergeant
Aim: a gnoll sergeant, wielding a +0 spear, wearing a +0 ring mail and wearing a +2 kite shield (moderately wounded, 88% to hit)
The gnoll sergeant blocks the blast of sand.
A gnoll comes into view. It is wielding a +0 whip.
The gnoll hits you from afar with a +1 halberd of flaming.
The gnoll burns you.
The gnoll sergeant hits you from afar with a +0 spear.
The gnoll shouts!
The gnoll hits you from afar with a +1 halberd of flaming!
* * * LOW HITPOINT WARNING * * *
The gnoll burns you.
* * * LOW HITPOINT WARNING * * *
The gnoll sergeant hits you from afar with a +0 spear!
You die...

##.......##..##....##...
###........[.......5...
#..###...###.g.......
##......####.g....#..
#..###..#.##>........
##..#..#....#.........
##......##....ggg...##
##..>##...#..#.....###
#....###.....##.@...#
##....#....####.#.###
##.##.......# ###...
............# #...#
##.<.....##.# ..##
####......... ..#
###........< .##
##.#........ ##.......##


You could see a gnoll sergeant, 4 gnolls and a shadow imp.

Vanquished Creatures
  A necrophage (D:4)
  A water moccasin skeleton (D:5)
  4 orc priests (D:4)
  Jessica (D:3)
  Terence (D:3)
  3 iguanas
  3 orc wizards (D:4)
  A scorpion zombie (D:5)
  A hound skeleton (D:4)
  4 gnolls (D:3)
  8 adders
  2 worms
  6 orcs
  4 bats
  9 endoplasms
  2 giant cockroaches (D:3)
  2 goblins (D:3)
  2 hobgoblins
  15 jackals
  3 quokkas
  16 ball pythons
  3 frilled lizards
  4 kobolds
  5 rats
101 creatures vanquished.

Vanquished Creatures (others)
  3 plants (D:4)
3 creatures vanquished.

Grand Total: 104 creatures vanquished

Notes
Turn   | Place    | Note
-------+----------+-------------------------------------------
     0 | D:1      | Kaptain the Gargoyle Earth Elementalist began the quest for
                  | the Orb.
     0 | D:1      | Reached XP level 1. HP: 10/10 MP: 3/3
   131 | D:1      | Reached XP level 2. HP: 11/16 MP: 0/5
  1361 | D:2      | Reached skill level 1 in Fighting
  1567 | D:2      | Reached skill level 1 in Conjurations
  1567 | D:2      | Reached XP level 3. HP: 18/20 MP: 1/6
  1769 | D:2      | Found a faded altar of an unknown god.
  1982 | D:2      | Reached skill level 4 in Earth Magic
  2140 | D:3      | Reached XP level 4. HP: 25/25 MP: 4/7
  2142 | D:3      | Noticed Jessica
  2148 | D:3      | Killed Jessica
  2149 | D:3      | Reached skill level 1 in Armour
  2253 | D:3      | Learned a level 3 spell: Stone Arrow
  2301 | D:3      | Reached XP level 5. HP: 13/30 MP: 4/9
  2496 | D:3      | Found Porimoq's Armour Shop.
  2958 | D:3      | Noticed Terence
  2965 | D:3      | Killed Terence
  3457 | D:4      | Reached XP level 6. HP: 36/36 MP: 6/10
  3518 | D:4      | Noticed a necrophage
  3620 | D:4      | Killed a necrophage
  3621 | D:4      | Reached skill level 5 in Earth Magic
  3706 | D:4      | Found a staircase to the Ecumenical Temple.
  3728 | Temple   | Entered the Ecumenical Temple
  4076 | D:4      | Reached XP level 7. HP: 21/40 MP: 12/12
  4660 | D:4      | Found Zuboxtitt's Assorted Antiques.
  4766 | D:4      | Found a hazy altar of Hepliaklqana.
  4906 | D:4      | Found a glowing golden altar of the Shining One.
  4909 | D:4      | Found an iron altar of Okawaru.
  4918 | D:4      | Found a hide-covered altar of Uskayaw.
  4920 | D:4      | Found a radiant altar of Vehumet.
  4921 | D:4      | Found a shimmering blue altar of Sif Muna.
  4923 | D:4      | Found a shadowy altar of Dithmenos.
  4927 | D:4      | Found a burning altar of Makhleb.
  4928 | D:4      | Found a stormy altar of Qazlal.
  5273 | D:5      | Entered Level 5 of the Dungeon
  5544 | D:5      | Slain by a gnoll sergeant

Illustrated notes

Levels and vault maps discovered:
D:1:      mrwooster_arrival_arrow, layout_loops_ring,
          kennysheep_decorative_pillar, minivault_19, minmay_pentomino_u2
D:2:      layout_loops_ring, chequers_ecumenical_altar_simple_redux,
          minmay_vboxes
D:3:      layout_loops_cross, gup_sewer_entry_spiral, serial_shops,
          nicolae_shop_hallway_stairs, uniq_jessica, uniq_terence
D:4:      layout_rooms, nicolae_overflow_hallway_of_the_gods,
          minmay_temple_entry_gardened_gates, serial_shops, shop,
          minmay_snake_closets
D:5:      minmay_razor_zed, layout_cave_pools, uniq_menkaure, uniq_pikel
Temple:   hc_temple_tempest_star

Skill      XL: |  1  2  3  4  5  6  7 |
---------------+----------------------+-----
Fighting       | 1 2 3 |  3.5
Conjurations   | 1 2 3 |  3.4
Earth Magic    | 4 5 |  5.5
Armour         | 1 2 |  2.2
Spellcasting   | 3 |  3.7
Dodging        | 2 |  2.3
Stealth        | 3 |  3.6
Transmutations | |  0.7

Action                   |  1- 3 |  4- 6 |  7- 9 || total
-------------------------+-------+-------+-------++-------
Melee: Long sword        |    33 |    50 |    22 ||   105
       Punch             |     1 |       |       ||     1
 Cast: Sandblast         |    28 |    56 |     7 ||    91
       Stone Arrow       |       |       |    46 ||    46
  Use: Scroll            |       |     4 |       ||     4
 Stab: Sleeping          |     5 |     4 |     1 ||    10
       Distracted        |     1 |       |       ||     1
Armor: Robe              |    22 |    28 |       ||    50
       Leather armour    |       |     2 |    36 ||    38
Dodge: Dodged            |    28 |    44 |    20 ||    92
